Map: Roskalian ER

Players

Georg

  • Race: Zerg Zerg
  • Spawn Location: 5:00

LouisKing

  • Race: Protoss Protoss
  • League: Platinum
  • Spawn Location: 6:00

Legol - Winner!

  • Race: Protoss Protoss
  • League: Gold
  • Spawn Location: 11:00

Konst - Winner!

  • Race: Protoss Protoss
  • League: Platinum
  • Spawn Location: 12:00

VOD

Have the link to the VOD?

Description

Time

  • Played on: Jan. 1, 2020, 5:02 p.m.
  • Length: 11:22
Show
View Real Time Build Order
Export as new Build Order

Georg Zerg 

Build Orders: Hatch First, Zergling Baneling 

Get SALT Encoding   

  12  0:01  Drone  
  13  0:08  Drone  
  14  0:23  Extractor x2  
  14  0:24  Drone x2  
  16  0:30  Overlord  
  16  0:56  Extractor  
  15  0:59  Hatchery  
  14  1:09  Spawning Pool  
  13  1:20  Drone x2  
  13  1:21  Drone  
  16  1:42  Drone x2  
  18  1:53  Drone  
  19  1:57  Queen  
  21  2:03  Zergling x2  
  22  2:16  Zergling x4  
  22  2:19  Metabolic Boost  
  24  2:24  Queen  
  26  2:32  Zergling x4  
  28  2:44  Overlord  
  28  2:45  Baneling Nest  
  28  2:50  Zergling x2  
  28  3:03  Zergling x2  
  28  3:04  Zergling x6  
  31  3:15  Zergling x2  
  31  3:16  Zergling x4  
  31  3:19  Drone  
  35  3:31  Zergling x2  
  36  3:35  Overlord  
  36  3:47  Overlord  
  36  3:59  Baneling  
  36  4:00  Baneling x9  
  36  4:02  Zergling x2  
  37  4:07  Drone  
  38  4:11  Zergling x4  
  26  4:39  Drone x6  
  26  4:42  Spore Crawler  
  30  4:53  Spore Crawler  
  29  5:02  Lair  
  29  5:05  Extractor  
  28  5:19  Spore Crawler  
  27  5:24  Drone x2  
  27  5:25  Drone x4  
  27  5:26  Spore Crawler  
  32  5:42  Extractor  
  31  5:43  Extractor  
  31  5:46  Drone x3  
  33  5:59  Drone x3  
  33  6:03  Drone  
  37  6:05  Drone  
  37  6:06  Hatchery, Drone  
  38  6:20  Queen  
  40  6:32  Hydralisk Den  
  40  6:33  Drone x2  
  40  6:34  Drone x3  
  40  6:39  Drone x2  
  46  6:55  Drone x4  
  50  7:12  Overlord x4  
  50  7:19  Overlord  
  50  7:26  Overlord x2  
  50  7:29  Queen  
  50  7:36  Evolution Chamber  
  51  7:38  Evolution Chamber  
  51  7:43  Overlord  
  51  7:44  Overlord x2  
  50  7:49  Drone x3  
  53  8:00  Hydralisk  
  53  8:01  Hydralisk x2  
  58  8:08  Hydralisk  
  58  8:09  Hydralisk  
  62  8:17  Hydralisk x2  
  66  8:20  Hydralisk  
  66  8:24  Hydralisk  
  70  8:31  Hydralisk  
  70  8:32  Hydralisk  
  74  8:37  Muscular Augments  
  74  8:46  Drone  
  74  8:47  Drone x4  
  79  8:59  Hydralisk x3  
  85  9:09  Zerg Missile Weapons Level 1  
  84  9:10  Zerg Ground Armor Level 1  
  84  9:24  Spine Crawler  
  84  9:25  Spine Crawler  
  84  9:27  Spore Crawler  
  84  9:29  Drone  
  84  9:30  Drone x3  
  85  9:31  Hydralisk x2  
  75  9:56  Hydralisk x6  
  69  10:04  Hydralisk  
  69  10:09  Hydralisk x2  
  65  10:22  Hydralisk x4  
  73  10:32  Hydralisk  
  75  10:38  Hydralisk  
  77  10:43  Hydralisk x2  
  77  10:45  Hydralisk  
Show
View Real Time Build Order
Export as new Build Order

LouisKing Protoss 

Build Orders: Blink Stalkers 

Get SALT Encoding   

  12  0:01  Probe  
  13  0:14  Probe  
  13  0:20  Pylon  
  14  0:26  Probe  
  15  0:38  Probe  
  15  0:42  Gateway  
  16  0:50  Pylon  
  16  0:51  Probe  
  17  1:03  Probe  
  17  1:04  Assimilator  
  18  1:15  Probe (Chrono Boost)  
  19  1:27  Probe (Chrono Boost)  
  19  1:29  Cybernetics Core  
  19  1:31  Zealot  
  22  1:36  Probe (Chrono Boost)  
  23  1:44  Probe  
  24  1:57  Probe  
  24  1:59  Gateway  
  25  2:06  Zealot  
  27  2:14  Probe  
  28  2:21  Assimilator  
  28  2:32  Nexus  
  28  2:34  Stalker  
  30  2:40  Warp Gate  
  30  2:41  Probe  
  31  3:03  Pylon  
  31  3:12  Twilight Council  
  31  3:19  Pylon  
  31  3:21  Probe (Chrono Boost), Stalker  
  34  3:32  Pylon  
  34  3:34  Probe (Chrono Boost)  
  35  3:39  Gateway  
  36  3:42  Probe (Chrono Boost)  
  36  3:47  Probe (Chrono Boost)  
  37  3:55  Blink (Chrono Boost)  
  38  3:56  Probe (Chrono Boost)  
  38  4:01  Probe (Chrono Boost)  
  39  4:07  Robotics Facility  
  39  4:16  Probe  
  40  4:46  Gateway, Stalker  
  42  4:55  Stalker  
  44  5:00  Stalker  
  44  5:02  Probe x2  
  44  5:05  Assimilator  
  48  5:07  Observer  
  49  5:15  Pylon  
  49  5:21  Stalker  
  49  5:22  Stalker  
  48  5:41  Stalker x2  
  51  5:43  Probe  
  52  5:55  Probe (Chrono Boost)  
  52  5:56  Probe (Chrono Boost)  
  54  6:00  Stalker x2  
  59  6:05  Probe x2 (Chrono Boost)  
  59  6:06  Forge  
  59  6:10  Probe (Chrono Boost), Gateway  
  61  6:20  Immortal (Chrono Boost), Charge  
  65  6:31  Probe  
  65  6:32  Probe  
  67  6:37  Pylon  
  67  7:11  Stalker x3  
  67  7:12  Stalker  
  67  7:14  Probe x2  
  77  7:18  Assimilator, Protoss Ground Weapons Level 1 (Chrono Boost)  
  77  7:28  Warp Prism (Chrono Boost)  
  79  7:31  Probe (Chrono Boost)  
  79  7:33  Photon Cannon  
  80  7:38  Probe (Chrono Boost)  
  82  7:48  Probe x2 (Chrono Boost)  
  83  8:22  Stalker  
  83  8:24  Probe  
  80  8:38  Stalker  
  80  8:39  Gateway, Stalker x2  
  86  8:46  Photon Cannon  
  86  8:49  Gateway  
  86  8:51  Pylon  
  86  8:55  Nexus, Pylon  
  86  9:04  Forge  
  86  9:09  Probe  
  86  9:20  Stalker  
  86  9:21  Stalker x2  
  92  9:34  Probe  
  92  9:35  Probe  
  68  9:59  Stalker x3  
  58  10:00  Stalker x3  
  58  10:02  Stalker  
  62  10:25  Stalker  
  62  10:26  Stalker x2  
  62  10:27  Stalker  
  69  10:43  Stalker x2  
  69  10:44  Stalker  
  75  10:59  Stalker  
  75  11:00  Stalker x2  
  75  11:03  Stalker  
Show
View Real Time Build Order
Export as new Build Order

Legol Protoss - Winner!

Build Orders:  

Get SALT Encoding   

  12  0:01  Probe  
  13  0:13  Probe  
  14  0:18  Pylon  
  14  0:26  Probe  
  15  0:38  Probe (Chrono Boost)  
  15  0:39  Gateway  
  17  0:50  Probe (Chrono Boost)  
  17  0:52  Assimilator  
  17  0:55  Probe (Chrono Boost)  
  18  1:04  Probe (Chrono Boost)  
  19  1:14  Probe (Chrono Boost)  
  20  1:25  Probe  
  21  1:27  Cybernetics Core  
  21  1:31  Pylon  
  21  1:37  Probe  
  22  1:49  Probe  
  23  2:00  Nexus  
  23  2:06  Stalker  
  25  2:23  Probe (Chrono Boost)  
  25  2:24  Assimilator  
  25  2:25  Warp Gate  
  26  2:32  Probe (Chrono Boost)  
  27  2:39  Stalker  
  29  2:55  Pylon  
  29  3:02  Gateway  
  29  3:03  Robotics Facility  
  29  3:12  Stalker  
  31  3:22  Probe x2  
  33  3:30  Pylon  
  33  3:34  Probe x2  
  33  3:38  Shield Battery  
  35  3:42  Stalker  
  37  3:52  Immortal  
  41  3:57  Probe (Chrono Boost)  
  41  4:01  Probe (Chrono Boost)  
  43  4:17  Probe  
  43  4:18  Probe  
  43  4:20  Stalker  
  43  4:21  Stalker  
  49  4:29  Probe  
  49  4:30  Probe  
  49  4:42  Immortal (Chrono Boost)  
  53  4:46  Stalker  
  53  4:47  Stalker  
  53  4:49  Probe x2  
  53  4:52  Assimilator  
  59  5:01  Probe x2, Gateway  
  61  5:15  Observer (Chrono Boost)  
  62  5:22  Pylon  
  62  5:25  Pylon  
  62  5:40  Probe x2  
  64  5:43  Forge  
  64  5:46  Forge  
  64  5:48  Pylon  
  64  5:49  Robotics Bay  
  64  5:50  Pylon, Stalker x2  
  64  5:52  Probe  
  69  5:59  Assimilator, Probe  
  69  6:03  Immortal (Chrono Boost)  
  70  6:04  Probe  
  76  6:11  Probe  
  76  6:15  Robotics Facility  
  76  6:17  Protoss Ground Armor Level 1 (Chrono Boost)  
  76  6:28  Protoss Ground Weapons Level 1 (Chrono Boost)  
  76  6:34  Stalker x2  
  76  6:35  Photon Cannon  
  80  6:50  Nexus  
  80  7:04  Colossus  
  86  7:11  Colossus  
  92  7:20  Probe x2  
  92  7:22  Pylon  
  94  7:25  Pylon  
  94  7:29  Pylon  
  94  7:35  Pylon  
  94  7:36  Extended Thermal Lance (Chrono Boost)  
  94  7:40  Probe x2  
  96  7:47  Stalker x3  
  102  7:53  Gateway  
  102  7:56  Probe x2, Gateway  
  104  8:04  Colossus (Chrono Boost)  
  104  8:08  Probe x2  
  112  8:16  Stalker x2  
  116  8:26  Probe x3  
  117  8:38  Probe x3  
  120  8:42  Stalker x3  
  126  8:49  Assimilator  
  126  8:51  Photon Cannon  
  126  8:53  Assimilator  
  126  8:54  Photon Cannon  
  125  9:09  Stalker  
  127  9:10  Stalker x4  
  135  9:24  Twilight Council  
  135  9:28  Probe x3  
  138  9:40  Probe x3  
  123  10:00  Stalker x2  
  123  10:01  Stalker x3  
  133  10:25  Templar Archives  
  133  10:26  Colossus (Chrono Boost)  
  133  10:28  Gateway  
  133  10:29  Gateway  
  133  10:31  Gateway  
  133  10:33  Gateway  
  133  10:35  Pylon, Gateway  
  139  10:37  Pylon  
  139  10:39  Pylon  
  139  10:43  Stalker  
  141  10:51  Pylon  
  141  10:52  Pylon  
  141  10:53  Pylon  
  141  10:56  Pylon  
Show
View Real Time Build Order
Export as new Build Order

Konst Protoss - Winner!

Build Orders: Oracle Opening 

Get SALT Encoding   

  12  0:01  Probe  
  13  0:13  Probe  
  14  0:20  Pylon  
  14  0:25  Probe  
  15  0:39  Gateway  
  15  0:42  Probe  
  16  0:48  Assimilator  
  16  0:54  Probe  
  17  1:06  Probe (Chrono Boost)  
  17  1:08  Pylon  
  18  1:18  Probe (Chrono Boost)  
  19  1:27  Assimilator, Probe (Chrono Boost)  
  20  1:33  Probe  
  20  1:36  Cybernetics Core  
  21  1:48  Pylon  
  21  2:00  Probe  
  22  2:12  Probe  
  23  2:21  Nexus  
  23  2:29  Probe  
  24  2:31  Stargate  
  24  2:41  Probe (Chrono Boost)  
  25  2:53  Probe (Chrono Boost), Pylon  
  25  2:55  Stalker  
  28  3:02  Probe (Chrono Boost)  
  29  3:07  Pylon  
  29  3:08  Probe  
  29  3:10  Assimilator  
  30  3:16  Oracle (Chrono Boost)  
  33  3:23  Probe  
  34  3:35  Probe  
  35  3:43  Probe  
  35  3:47  Probe  
  35  3:48  Oracle  
  40  3:52  Protoss Air Weapons Level 1 (Chrono Boost)  
  40  3:55  Probe  
  41  3:59  Probe  
  41  4:00  Assimilator  
  42  4:07  Probe  
  43  4:13  Probe, Stargate  
  44  4:18  Pylon  
  44  4:30  Probe x2  
  37  4:42  Probe x2  
  39  4:49  Void Ray  
  43  4:54  Probe (Chrono Boost)  
  43  4:59  Probe (Chrono Boost)  
  45  5:05  Probe (Chrono Boost)  
  47  5:08  Probe (Chrono Boost)  
  47  5:10  Probe (Chrono Boost), Forge  
  48  5:16  Void Ray  
  52  5:28  Probe x2  
  54  5:40  Probe x2  
  54  5:42  Void Ray  
  60  5:52  Probe  
  60  5:53  Probe  
  60  5:56  Protoss Shields Level 1 (Chrono Boost)  
  62  5:58  Pylon  
  62  5:59  Pylon  
  62  6:03  Protoss Air Armor Level 1 (Chrono Boost)  
  62  6:22  Probe x2  
  62  6:23  Void Ray  
  68  6:27  Void Ray  
  68  6:28  Stargate  
  72  6:38  Probe  
  72  6:39  Fleet Beacon  
  70  6:56  Probe  
  70  6:57  Probe  
  72  7:06  Void Ray  
  73  7:09  Probe x2  
  73  7:11  Void Ray  
  79  7:22  Pylon  
  79  7:28  Probe  
  80  7:37  Unknown  
  80  7:43  Probe  
  81  7:44  Twilight Council  
  81  7:50  Pylon  
  81  7:54  Probe, Nexus  
  81  7:55  Probe  
  81  7:56  Assimilator  
  83  8:00  Assimilator  
  83  8:01  Protoss Air Weapons Level 2 (Chrono Boost)  
  83  8:03  Pylon  
  83  8:14  Pylon  
  83  8:15  Probe x2  
  83  8:16  Void Ray x2  
  93  8:30  Stargate  
  93  8:34  Stargate  
  93  8:54  Void Ray  
  97  8:59  Photon Cannon  
  97  9:02  Photon Cannon  
  97  9:04  Photon Cannon  
  97  9:05  Shield Battery  
  97  9:06  Photon Cannon  
  97  9:25  Probe x3  
  97  9:27  Void Ray x2  
  108  9:37  Void Ray  
  104  10:07  Void Ray  
  115  10:21  Probe x3  
  115  10:28  Photon Cannon  
  117  10:29  Photon Cannon  
  117  10:30  Pylon, Shield Battery  
  117  10:33  Probe x3  
  132  10:39  Pylon  
Tags
 
Add a new tag
Caveats
  • Supply blocks, unpowered buildings, or Contaminate may cause inaccurate times.
  • Supply counts are checked every 10 seconds.